 Dungeon Crawl Stone Soup version 0.25.0-26-g0c896c7088 (webtiles) character file.

Game seed: 2680689197170697677

5604 funkygono the Protected (level 10, 0/58 HPs)
             Began as a Gargoyle Conjurer on July 1, 2020.
             Was a Follower of Vehumet.
             Slain by a yak (2 damage)
             ... on level 10 of the Dungeon.
             The game lasted 00:31:12 (13339 turns).

funkygono the Protected (Gargoyle Conjurer)        Turns: 13339, Time: 00:31:13

Health: 0/58       AC: 14    Str: 12    XL:     10   Next: 73%
Magic:  6/20       EV: 13    Int: 19    God:    Vehumet [*.....]
Gold:   453        SH:  0    Dex: 10    Spells: 15/22 levels left

rFire    . . .     SeeInvis .   s - +2 mace (holy)
rCold    + . .     Gourm    .   (no shield)
rNeg     + . .     Faith    .   o - +0 leather armour (curse)
rPois    ∞         Spirit   .   (no helmet)
rElec    +         Reflect  .   A - +0 cloak
rCorr    .         Harm     .   K - +0 pair of gloves
MR       .....                  (no boots)
Stlth    +++.......             (no amulet)
HPRegen  0.19/turn              p - ring of stealth
MPRegen  0.17/turn              E - ring of protection from cold

@: very slightly contaminated, studying Armour
A: negative energy resistance 1, electricity resistance, unbreathing,
petrification resistance, rot immunity, AC +7
a: Renounce Religion


You were on level 10 of the Dungeon.
You worshipped Vehumet.
Vehumet was aware of your devotion.
You were not hungry.

You visited 2 branches of the dungeon, and saw 11 of its levels.
You also visited: Sewer.

You collected 573 gold pieces.
You spent 120 gold pieces at shops.

Inventory:

Hand Weapons
 s - a +2 mace of holy wrath (weapon)
 z - a +2 quarterstaff of chaos
Missiles
 k - 311 stones (quivered)
Armour
 a - a +0 robe
 j - a +0 leather armour
 o - a cursed +0 leather armour (worn)
 r - the +3 robe of Clouds {+Thunder rCloud rElec}
   (You found it on level 10 of the Dungeon)

   It insulates you from electricity.
 v - a +3 chain mail
 y - a +0 kite shield
 A - a +0 cloak (worn)
 C - a +0 buckler
 F - a +0 troll leather armour
 K - a +0 pair of gloves (worn)
 L - a scarf of invisibility
Magical Staves
 w - an uncursed staff of poison
 D - an uncursed staff of cold
Jewellery
 p - a ring of stealth (left hand)
 x - an uncursed ring of flight
 E - a ring of protection from cold (right hand)
Wands
 h - a wand of clouds (8)
 n - a wand of iceblast (16)
 B - a wand of polymorph (3)
 H - a wand of acid (5)
 I - a wand of flame (12)
Scrolls
 f - a scroll of fog
 i - a scroll of teleportation
 G - a scroll of amnesia
Potions
 b - a potion of flight
 d - a potion of lignification
 e - 4 potions of heal wounds
 g - 2 potions of curing
 l - 3 potions of brilliance
 m - a potion of cancellation
 t - 2 potions of might
 u - 2 potions of haste
 J - a potion of mutation
Books
 q - a manual of Armour
Comestibles
 c - 17 rations


   Skills:
 + Level 4.5 Fighting
 + Level 5.5 Maces & Flails
 * Level 11.2 Armour
 + Level 3.9 Dodging
 + Level 4.0 Stealth
 + Level 6.7 Spellcasting
 + Level 9.2 Conjurations
 + Level 0.4 Fire Magic
 + Level 0.4 Ice Magic


You had 15 spell levels left.
You knew the following spells:

 Your Spells              Type           Power        Failure   Level  Hunger
a - Magic Dart            Conj           ####         1%          1    None
b - Searing Ray           Conj           #####.       1%          2    None
c - Freeze                Ice            #...         11%         1    None
d - Conjure Flame         Conj/Fire      ###.....     5%          3    ##.....

Your spell library contained the following spells:

 Spells                   Type           Power        Failure   Level  Hunger
 Sandblast                Erth           #.....       13%         1    None
 Dazzling Flash           Conj/Hex       ###...       6%          3    ##.....
 Mephitic Cloud           Conj/Pois/Air  ###.....     11%         3    ##.....
 Blink                    Tloc           N/A          19%         2    None
 Call Imp                 Summ           #.......     19%         2    None
 Slow                     Hex            #.......     19%         2    None
 Fulminant Prism          Conj/Hex       ###.......   19%         4    ####...
 Iskenderun's Mystic Bla  Conj/Tloc      ###.....     19%         4    ####...


Dungeon Overview and Level Annotations

Branches:
Dungeon (10/15)            Temple (1/1) D:5            Lair (0/6) D:10
  Sewer (visited)
    Orc: D:9-12

Altars:
Ashenzari
Cheibriados
Dithmenos
Elyvilon
Fedhas
Gozag
Hepliaklqana
Kikubaaqudgha
Makhleb
Nemelex Xobeh
Okawaru
Qazlal
Ru
Sif Muna
Trog
Uskayaw
Vehumet
Wu Jian
Xom
Yredelemnul
Zin
The Shining One

Shops:
D:4 !   D:5 :


Innate Abilities, Weirdness & Mutations

You are resistant to torment.
Your stone body is resilient. (AC +7)
You are immune to poison.
You resist negative energy. (rN+)
You are resistant to electric shocks. (rElec)
You can survive without breathing.
You are immune to petrification.
You are immune to rotting.


Message History

(Press . to maintain the ray.)
The yak closely misses you.
The searing ray hits the yak.
The yak is moderately wounded.
The yak misses you.
The searing ray hits the yak.
The yak is heavily wounded.
The yak gores you but does no damage.
The searing ray hits the yak.
The yak is heavily wounded.
You finish channeling your searing ray.
The yak gores you.
* * * LOW HITPOINT WARNING * * *
You hit the yak.
The yak is severely wounded.
The yak gores you.
* * * LOW HITPOINT WARNING * * *
You barely miss the yak.
The yak is severely wounded.
The yak gores you.
You die...

.....##
#...............
..##..##
#.Y...........#
.####..###
#...........# .
###..###
##.........# .
##...##
###......## .
##...###
#.....##
###...##
##.#####
##)..###..#
#....@Y.##
###.....#
#.##### ###


You could see a yak.

Vanquished Creatures
  Maurice (D:9)
  A troll (D:8)
  Grinder (D:3)
  A hippogriff (D:8)
  2 yaks (D:10)
  A steam dragon (D:9)
  2 black bears (D:8)
  An orc warrior (D:7)
  5 ice beasts
  An eye of draining (D:9)
  3 phantoms
  5 sky beasts
  8 ogres
  3 centaurs
  A big kobold (D:6)
  4 bullfrogs
  A scorpion (D:6)
  3 howler monkeys (D:8)
  4 crimson imps
  2 hounds
  3 jellies
  4 orc priests (D:5)
  Crazy Yiuf (D:6)
  Jessica (D:3)
  Ijyb (D:3)
  An orc wizard (D:5)
  Natasha (thrice) (D:3)
  3 iguanas
  12 worker ants
  A hound zombie (D:9)
  4 hound skeletons
  A howler monkey skeleton (D:6)
  15 adders
  2 shadow imps
  3 worms
  14 leopard geckos
  22 orcs
  12 giant cockroaches
  10 goblins
  11 hobgoblins
  10 jackals
  3 quokkas
  2 ball pythons (Sewer)
  6 bats
  9 frilled lizards
  A jackal skeleton (D:6)
  7 kobolds
  2 leopard gecko skeletons
  A leopard gecko zombie (D:8)
  10 rats
225 creatures vanquished.

Notes
Turn   | Place    | Note
-------+----------+-------------------------------------------
     0 | D:1      | funkygono the Gargoyle Conjurer began the quest for the
                  | Orb.
     0 | D:1      | Reached XP level 1. HP: 10/10 MP: 3/3
   550 | D:1      | Reached XP level 2. HP: 15/15 MP: 1/5
   557 | D:1      | Learned a level 2 spell: Searing Ray
   677 | D:1      | Reached skill level 5 in Conjurations
  1140 | D:2      | Reached XP level 3. HP: 19/19 MP: 2/6
  1400 | D:2      | Reached XP level 4. HP: 12/24 MP: 7/7
  1676 | D:2      | Reached skill level 1 in Maces & Flails
  1682 | D:2      | Reached skill level 1 in Fighting
  1697 | D:2      | Found a hazy altar of Hepliaklqana.
  1910 | D:2      | Found a white marble altar of Elyvilon.
  1911 | D:2      | Found a bloodstained altar of Trog.
  2296 | D:2      | Reached XP level 5. HP: 29/29 MP: 1/8
  2526 | D:3      | Noticed Jessica
  2551 | D:3      | Killed Jessica
  2777 | D:3      | Reached skill level 1 in Armour
  2986 | D:3      | Noticed Grinder
  3397 | D:3      | Paralysed by Grinder for 5 turns
  3415 | D:3      | Paralysed by Grinder for 4 turns
  3425 | D:3      | Paralysed by Grinder for 4 turns
  3429 | D:3      | Killed Grinder
  3429 | D:3      | Reached skill level 2 in Armour
  3429 | D:3      | Reached XP level 6. HP: 20/35 MP: 0/10
  3583 | D:3      | Noticed Natasha
  3589 | D:3      | Killed Natasha
  3704 | D:3      | Noticed Natasha
  3710 | D:3      | Killed Natasha
  3710 | D:3      | Reached skill level 3 in Armour
  3782 | D:3      | Noticed Natasha
  3786 | D:3      | Killed Natasha
  3786 | D:3      | Reached XP level 7. HP: 38/40 MP: 6/11
  3886 | D:3      | Noticed Ijyb
  3897 | D:3      | Killed Ijyb
  5280 | D:4      | Found Mepawi's Distillery.
  5300 | D:4      | Bought a potion of heal wounds for 60 gold pieces
  5300 | D:4      | Bought a potion of heal wounds for 60 gold pieces
  5398 | D:5      | Entered Level 5 of the Dungeon
  5421 | D:5      | Found a blossoming altar of Fedhas.
  5586 | D:5      | Found a glowing drain.
  5640 | Sewer    | Entered a sewer
  5970 | Sewer    | Reached XP level 8. HP: 45/45 MP: 9/13
  6092 | Sewer    | Reached skill level 4 in Armour
  6621 | D:5      | Found a staircase to the Ecumenical Temple.
  6629 | Temple   | Entered the Ecumenical Temple
  6821 | Temple   | Became a worshipper of Vehumet
  7100 | D:5      | Found Wergh's Book Shop.
  7932 | D:6      | Reached skill level 5 in Armour
  8315 | D:6      | Reached XP level 9. HP: 48/51 MP: 8/16
  8338 | D:6      | Reached skill level 5 in Spellcasting
  8510 | D:6      | Reached skill level 6 in Armour
  8667 | D:6      | Found a runed translucent door.
  8668 | D:6      | Noticed Crazy Yiuf
  8676 | D:6      | Killed Crazy Yiuf
  9177 | D:7      | Reached skill level 7 in Armour
 10051 | D:7      | Reached * piety under Vehumet
 10051 | D:7      | Offered knowledge of Freeze by Vehumet.
 10051 | D:7      | Reached skill level 8 in Armour
 10054 | D:7      | Learned a level 1 spell: Freeze
 10634 | D:8      | Reached skill level 9 in Armour
 10756 | D:8      | Reached XP level 10. HP: 56/56 MP: 13/19
 10919 | D:8      | Reached skill level 10 in Armour
 11619 | D:8      | Learned a level 3 spell: Conjure Flame
 11742 | D:9      | Found a sacrificial altar of Ru.
 12311 | D:9      | Noticed Maurice
 12322 | D:9      | Killed Maurice
 12322 | D:9      | Reached skill level 5 in Maces & Flails
 12641 | D:9      | Found a shimmering blue altar of Sif Muna.
 12641 | D:9      | Found a basalt altar of Yredelemnul.
 13020 | D:10     | Entered Level 10 of the Dungeon
 13028 | D:10     | Found the +3 robe of Clouds {+Thunder rCloud rElec}
 13079 | D:10     | Reached skill level 11 in Armour
 13243 | D:10     | Found a staircase to the Lair.
 13334 | D:10     | Offered knowledge of Sandblast by Vehumet.
 13338 | D:10     | HP: 2/58 [yak (5)]
 13339 | D:10     | Slain by a yak

Illustrated notes

Levels and vault maps discovered:
D:1:      dpeg_arrival_three_same_balls, layout_basic
D:2:      layout_loops_cross, nicolae_overflow_hidden_temple,
          gammafunk_temple_overflow_statue, first_ration
D:3:      layout_basic, minmay_bisected, uniq_ijyb, uniq_natasha, uniq_jessica,
          uniq_grinder
D:4:      layout_layer_cave, serial_shops, shop, minmay_misc_feat_roman
D:5:      layout_loops_cross, fedhas_altar_3, minmay_temple_entry_butterflies,
          serial_shops, kennysheep_little_box, portal_sewer_entry_f,
          nicolae_ossuary_entry_monument
D:6:      layout_basic, uniq_crazy_yiuf_cottage
D:7:      layout_basic, grunt_ogre_cave, kennysheep_small_spiral
D:8:      layout_loops_ring, kennysheep_windowed_goal
D:9:      minmay_klotski, layout_basic, gammafunk_temple_overflow_pools,
          abandoned_shop, nicolae_ru_the_path_less_chosen, uniq_erica,
          uniq_maurice
D:10:     layout_cave_pods, lair_entry_dummy, serial_shops, kennysheep_mini
Temple:   regret_index_temple_sphere_string

Skill      XL: |  1  2  3  4  5  6  7  8  9 10 |
---------------+-------------------------------+-----
Conjurations   | 5 6 7 8 9 |  9.2
Maces & Flails | 1 2 3 4 5 |  5.5
Fighting       | 1 2 3 4 |  4.5
Dodging        | 2 3 |  3.9
Armour         | 2 3 5 9 11 | 11.2
Spellcasting   | 3 4 6 |  6.7
Stealth        | 3 4 |  4.0
Fire Magic     | |  0.4
Ice Magic      | |  0.4

Action                   |  1- 3 |  4- 6 |  7- 9 | 10-12 || total
-------------------------+-------+-------+-------+-------++-------
Melee: Unarmed           |    11 |       |       |       ||    11
       Mace              |    33 |    65 |   193 |   116 ||   407
       Staff             |       |       |       |     4 ||     4
 Cast: Magic Dart        |    36 |    89 |   215 |    65 ||   405
       Searing Ray       |     2 |     8 |    53 |    17 ||    80
       Conjure Flame     |       |       |       |     8 ||     8
       Freeze            |       |       |       |     5 ||     5
  Use: Scroll            |     1 |     1 |    10 |     5 ||    17
       Potion            |       |     2 |     1 |       ||     3
  Eat: Chunk             |     2 |     9 |    13 |     5 ||    29
       Ration            |       |       |     3 |     1 ||     4
Armor: Robe              |    15 |     5 |       |       ||    20
       Leather armour    |       |    25 |    68 |    19 ||   112
       Chain mail        |       |       |   157 |    23 ||   180
       Troll leather arm |       |       |       |    58 ||    58
Dodge: Dodged            |    37 |    66 |   181 |    76 ||   360
